 Dungeon Crawl Stone Soup version 0.28.0-53-g5a82cb258f (webtiles) character file.

Game seed: 18391818130725867817

9543 Theotherone the Fighter (level 11, -2/99 HPs)
             Began as a Minotaur Fighter on May 21, 2022.
             Was an Elder of Okawaru.
             Slain by a boulder beetle (20 damage)
             ... in the Arena.
             The game lasted 00:35:21 (12211 turns).

Theotherone the Fighter (Minotaur Fighter)         Turns: 12211, Time: 00:35:22

Health: -2/99      AC: 15    Str: 23    XL:     11   Next: 24%
Magic:  4/17       EV: 13    Int:  7    God:    Okawaru [****..]
Gold:   399        SH:  8    Dex: 16    Spells: 10/10 levels left

rFire   . . .      SeeInvis .   y - +1 broad axe (freeze)
rCold   . . .      Faith    .   c - +0 buckler
rNeg    . . .      Spirit   .   j - +0 plate armour
rPois   .          Reflect  .   (helmet restricted)
rElec   .          Harm     .   (no cloak)
rCorr   .          Rampage  .   (no gloves)
Will    .....                   (no boots)
Stlth   ..........              (no amulet)
HPRegen 0.26/turn               o - +6 ring of dexterity
MPRegen 0.15/turn               C - +4 ring of evasion

@: heroic, duelling, unable to read
A: horns 2, retaliatory headbutt, inability to read while threatened
a: Renounce Religion, Heroism, Finesse


You were in the Arena.
You worshipped Okawaru.
Okawaru was greatly pleased with you.
You visited 1 branch of the dungeon, and saw 11 of its levels.
You visited the Abyss 1 time.

You collected 607 gold pieces.
You spent 208 gold pieces at shops.

Inventory:

Hand Weapons
 a - a +1 war axe
 x - a +0 vampiric spear
 y - a +1 broad axe of freezing (weapon)
 D - a +0 whip
 L - a +0 whip of freezing
 S - a +2 vorpal broad axe
Missiles
 e - 6 boomerangs (quivered)
 A - a throwing net
Armour
 b - a +0 scale mail
 c - a +0 buckler (worn)
 g - a +1 ring mail of poison resistance
 h - a scarf of invisibility
 j - a +0 plate armour (worn)
 k - a +3 leather armour of poison resistance
Jewellery
 o - a +6 ring of dexterity (left hand)
 w - a ring of magical power
 z - a +6 ring of dexterity
 C - a +4 ring of evasion (right hand)
 R - a +4 ring of evasion
Wands
 i - a wand of paralysis (9)
 s - a wand of acid (5)
 t - a wand of mindburst (12)
 v - a wand of polymorph (13)
 B - a wand of digging (7)
 J - a wand of iceblast (8)
Scrolls
 n - a scroll of holy word
 r - a scroll of teleportation
 G - a scroll of fear {unknown}
 I - a scroll of summoning {unknown}
 K - 2 scrolls of blinking {unknown}
 O - a scroll of enchant armour
 Q - a scroll of magic mapping {unknown}
Potions
 d - a potion of might
 f - 3 potions of lignification
 l - a potion of flight
 m - a potion of curing
 p - a potion of resistance
 q - 2 potions of attraction {unknown}
 u - a potion of experience {unknown}
 E - 2 potions of magic {unknown}
 F - a potion of invisibility {unknown}
 H - 2 potions of haste {unknown}
 M - a potion of heal wounds
 N - a potion of degeneration {unknown}
Miscellaneous
 P - a condenser vane


   Skills:
 + Level 10.1(15.1) Fighting
 - Level 10.0(15.0) Axes
 + Level 7.2(12.2) Armour
 - Level 10.0(15.0) Shields
 - Level 10.0 Invocations


You had 10 spell levels left.
You didn't know any spells.
Your spell library contained the following spells:

 Spells                   Type           Power      Damage    Failure   Level
 Foxfire                  Conj/Fire      0%         2x1d4     99%         1
 Corpse Rot               Necr/Air       0%         N/A       100%        2
 Ensorcelled Hibernation  Hex/Ice        0%         N/A       100%        2
 Passwall                 Tmut/Erth      0%         N/A       100%        2
 Conjure Flame            Conj/Fire      0%         6-21      100%        3
 Inner Flame              Hex/Fire       0%         N/A       100%        3
 Swiftness                Air            0%         N/A       100%        3
 Dispel Undead            Necr           0%         3d6       100%        4
 Flame Wave               Conj/Fire      0%         2d4       100%        4
 Death Channel            Necr           Unusable   N/A       N/A         6

Dungeon Overview and Level Annotations

Branches:
Dungeon (11/15)            Temple (0/1) D:6             Orc (0/2) D:10
   Lair: D:8-11

Altars:
Fedhas
Okawaru

Shops:
D:6 (   D:9 !


Innate Abilities, Weirdness & Mutations

You have a pair of horns on your head.
You reflexively headbutt those who attack you in melee.
You sometimes lose the ability to read scrolls when taking damage.


Message History

Press: ? - help, Dir - move target, f - boulder beetle
Aim: a boulder beetle You enter into single combat with the boulder beetle!
The world spins around you as you enter the gateway.
You enter Okawaru's Arena!
You can no longer enter into single combat with a foe.
Okawaru will no longer gift you equipment.
The spectator shouts! x5
The boulder beetle bites you!!
You feel threatened and lose the ability to read scrolls!
Found a gate leading back out of this place.
There is an empty arch of ancient stone, spattered with blood here.
You feel more confident with your borrowed prowess.
The boulder beetle bites you.
You slash the boulder beetle! You freeze the boulder beetle.
The boulder beetle is moderately wounded.
You block the boulder beetle's attack.
You hit the boulder beetle but do no damage.
You headbutt the boulder beetle, but do no damage.
The boulder beetle is moderately wounded.
The boulder beetle bites you!!
* * * LOW HITPOINT WARNING * * *
You slash the boulder beetle! You freeze the boulder beetle.
The boulder beetle is heavily wounded.
The boulder beetle misses you.
You slash the boulder beetle! You freeze the boulder beetle.
The boulder beetle is severely wounded.
You hit the boulder beetle but do no damage.
The boulder beetle is severely wounded.
You block the boulder beetle's attack.
You hit the boulder beetle but do no damage.
You headbutt the boulder beetle, but do no damage.
The boulder beetle is severely wounded.
You block the boulder beetle's attack. The spectator jeers repeatedly at you.
You hit the boulder beetle. You freeze the boulder beetle.
The boulder beetle is severely wounded.
The boulder beetle bites you!!
You die...
Okawaru crowns the boulder beetle victorious!

###############
#....pp▓pp....#
#▓▓▓▓▓▓▓▓▓▓▓▓▓#
#.............#
#.8....@....8.#
#......B......#
#▓▓▓▓▓▓▓▓▓▓▓▓▓#
#.p▓.p▓∩▓p.▓p.#
###############


You could see a boulder beetle.

Vanquished Creatures
  A tentacled starspawn (Abyss:1)
  A death yak (Arena)
  Pikel (D:9)
  The ghost of Tiocfaidh the Slinger, a novice DDHu of Elyvilon (D:5)
  The ghost of mrw3rdna the Chopper, a novice HOFE (D:5)
  Joseph (D:8)
  A smoke demon (Abyss:1)
  Psyche (D:8)
  4 kobold demonologists
  2 trolls
  A hornet (D:9)
  4 yaks (D:10)
  A wraith (D:9)
  3 steam dragons
  2 vampire mosquitoes (D:11)
  2 water moccasins (D:7)
  Duvessa (D:6)
  A hornet zombie (D:8)
  2 sky beasts
  A black bear (D:7)
  An ice beast (D:6)
  3 orc warriors
  2 ogres
  2 necrophages
  3 centaurs
  A phantom (D:5)
  A small abomination (Abyss:1)
  A lemure (D:9)
  A kobold brigand (D:7)
  A bullfrog (D:6)
  Dowan (D:6)
  8 killer bees
  A howler monkey (D:8)
  4 centaur zombies
  2 bullfrog zombies (D:6)
  A hound (D:7)
  4 lava snakes (D:8)
  2 jellies
  A bullfrog skeleton (D:6)
  4 centaur skeletons
  7 orc priests
  2 gnoll shamans
  Terence (D:3)
  3 iguanas
  6 orc wizards
  A killer bee zombie (D:5)
  A howler monkey zombie (D:8)
  Robin (D:2)
  A howler monkey skeleton (D:4)
  9 gnolls
  6 adders
  A shadow imp (D:5)
  4 white imps
  A howler monkey simulacrum (D:9)
  2 ufetubi
  2 adder skeletons (D:4)
  4 worms
  4 dart slugs
  25 orcs
  5 ball pythons
  6 bats
  3 endoplasms
  2 giant cockroaches
  9 goblins
  11 hobgoblins
  6 jackals
  15 kobolds
  2 quokkas
  4 frilled lizards
  7 rats
  2 starspawn tentacles (Abyss:1)
229 creatures vanquished.

Vanquished Creatures (others)
  3 starspawn tentacles (Abyss:1)
3 creatures vanquished.

Grand Total: 232 creatures vanquished

Notes
Turn   | Place    | Note
-------+----------+-------------------------------------------
     0 | D:1      | Theotherone the Minotaur Fighter began the quest for the
                  | Orb.
     0 | D:1      | Reached XP level 1. HP: 19/19 MP: 0/0
   213 | D:1      | Found a faded altar of an unknown god.
   222 | D:1      | Prayed at the altar of an unknown god.
   222 | D:1      | Became a worshipper of Warmaster Okawaru
   222 | D:1      | Reached * piety under Okawaru
   374 | D:1      | Reached XP level 2. HP: 27/27 MP: 1/1
   989 | D:2      | Reached XP level 3. HP: 33/33 MP: 2/2
  1427 | D:2      | Noticed Robin
  1440 | D:2      | Killed Robin
  1441 | D:2      | Reached skill level 5 in Axes
  1441 | D:2      | Reached XP level 4. HP: 16/40 MP: 0/3
  2251 | D:3      | Noticed Terence
  2256 | D:3      | Killed Terence
  2380 | D:3      | Reached XP level 5. HP: 46/46 MP: 1/4
  3044 | D:4      | Reached skill level 1 in Invocations
  3375 | D:5      | Entered Level 5 of the Dungeon
  3648 | D:5      | Noticed a phantom
  3661 | D:5      | Killed a phantom
  3662 | D:5      | Reached XP level 6. HP: 8/52 MP: 3/7
  4087 | D:5      | Reached ** piety under Okawaru
  4147 | D:5      | Noticed a sky beast
  4158 | D:5      | Killed a sky beast
  4159 | D:5      | Reached skill level 5 in Invocations
  4159 | D:5      | Reached XP level 7. HP: 13/58 MP: 6/10
  4672 | D:5      | Found a runed translucent gate.
  4672 | D:5      | Found a runed translucent gate.
  4673 | D:5      | Found a runed translucent gate.
  5064 | D:5      | Noticed mrw3rdna's ghost (novice HOFE)
  5064 | D:5      | Noticed Tiocfaidh's ghost (novice DDHu)
  5086 | D:5      | Killed Tiocfaidh's ghost
  5087 | D:5      | Reached skill level 5 in Fighting
  5087 | D:5      | Reached XP level 8. HP: 51/69 MP: 11/11
  5088 | D:5      | Killed mrw3rdna's ghost
  5088 | D:5      | Reached *** piety under Okawaru
  5591 | D:6      | Found Cocam's Antique Weapon Boutique.
  6016 | D:6      | Found a staircase to the Ecumenical Temple.
  6066 | D:6      | Reached XP level 9. HP: 34/79 MP: 13/13
  6328 | D:6      | Reached **** piety under Okawaru
  6415 | D:6      | Found a blossoming altar of Fedhas.
  6449 | D:6      | Noticed Dowan
  6458 | D:6      | Noticed Duvessa
  6472 | D:6      | Killed Duvessa
  6476 | D:6      | Killed Dowan
  6987 | D:7      | Reached skill level 10 in Axes
  7632 | D:7      | Identified a scroll of acquirement
  7632 | D:7      | Acquired a +1 broad axe of freezing
  7877 | D:8      | Noticed Joseph
  8149 | D:8      | Killed Joseph
  8150 | D:8      | Reached skill level 5 in Shields
  8263 | D:8      | Reached XP level 10. HP: 64/88 MP: 16/16
  8679 | D:8      | Reached skill level 10 in Invocations
  9087 | D:8      | Noticed Psyche
  9095 | D:8      | Killed Psyche
  9288 | D:9      | Noticed Pikel
  9320 | D:9      | Killed Pikel
  9351 | D:9      | Reached ***** piety under Okawaru
  9356 | D:9      | Cast into level 1 of the Abyss (orc wizard)
  9363 | Abyss:1  | Noticed a smoke demon
  9384 | Abyss:1  | Killed a smoke demon
  9410 | Abyss:1  | Noticed a tentacled starspawn
  9431 | Abyss:1  | Killed a tentacled starspawn
  9474 | Abyss:1  | Noticed a soul eater
  9475 | Abyss:1  | Noticed an orange demon
  9479 | D:9      | Escaped the Abyss
  9986 | D:9      | Found Geic's Distillery.
  9995 | D:9      | Bought a potion of mutation for 128 gold pieces
  9995 | D:9      | Bought a potion of heal wounds for 80 gold pieces
  9996 | D:9      | Gained mutation: You sometimes lose the ability to read
                  | scrolls when taking damage. [potion of mutation]
 10470 | D:9      | Identified the +7 chain mail of Entitlement {Harm Dex+4
                  | Slay-3}
 10510 | D:9      | Reached skill level 10 in Shields
 10932 | D:10     | Entered Level 10 of the Dungeon
 10942 | D:10     | Found a staircase to the Orcish Mines.
 11239 | D:10     | Reached skill level 5 in Armour
 11414 | D:10     | Identified the +9 quarterstaff "Gynimeduko" {antimagic, rC+
                  | Str+3 Int+3 Dex+4}
 11639 | D:10     | Reached XP level 11. HP: 97/97 MP: 14/17
 12132 | D:11     | Received a gift from Okawaru
 12158 | D:11     | Noticed a death yak
 12162 | D:11     | Noticed a death yak
 12162 | D:11     | Noticed a death yak
 12163 | D:11     | Noticed a boulder beetle
 12163 | D:11     | Noticed a death yak
 12163 | D:11     | Noticed a death yak
 12164 | D:11     | Noticed a death yak
 12171 | Arena    | Entered the Arena
 12178 | Arena    | Killed a death yak
 12179 | Arena    | Reached skill level 10 in Fighting
 12203 | Arena    | Entered the Arena
 12211 | Arena    | Slain by a boulder beetle

Illustrated notes

Levels and vault maps discovered:
D:1:      dpeg_arrival_arbitrary_c, layout_rooms, basic_ecumenical_altar,
          minmay_3d_cube
D:2:      layout_rooms, uniq_robin
D:3:      layout_basic, st_stairs_12, kennysheep_nondescript, uniq_terence
D:4:      layout_rooms, serial_glass, glass_columns_a, glass_columns_b
D:5:      layout_basic, gammafunk_ghost_cemetery, minmay_pentangle
D:6:      layout_rooms, fedhas_altar_2, minmay_temple_entry_ruins, serial_shops,
          shop, grunt_ministairs_12, nrook_uturn, uniq_duvessa
D:7:      layout_rooms
D:8:      layout_rooms, serial_curves, eino_curves_04, eino_curves_02,
          eino_curves_01, eino_curves_04, grunt_decor_junction,
          hangedman_decor_peaks_small, uniq_psyche, uniq_joseph
D:9:      layout_basic, serial_ice, serial_ice_e, serial_ice_l, serial_ice_c,
          serial_ice_m, serial_ice_o, serial_ice_n, serial_ice_a, serial_shops,
          nicolae_shop_temple_entry_statues_fountains,
          chequers_decorated_corner, uniq_pikel
D:10:     layout_roguey, david_orc_3
D:11:     layout_roguey, dpeg_lair_monsters, grunt_tough_drop, uniq_harold
Arena

Skill      XL: |  1  2  3  4  5  6  7  8  9 10 11 |
---------------+----------------------------------+-----
Axes           | 3 4 5 6 7 9 10 | 10.0
Invocations    | 3 5 6 7 9 10 | 10.0
Fighting       | 5 7 8 9 10 | 10.1
Shields        | 5 10 | 10.0
Armour         | 5 7 |  7.2

Action                   |  1- 3 |  4- 6 |  7- 9 | 10-12 || total
-------------------------+-------+-------+-------+-------++-------
Melee: War axe           |    68 |   128 |   148 |       ||   344
       Headbutt          |     4 |    17 |    39 |    56 ||   116
       Broad axe         |       |       |    26 |   231 ||   257
Invok: Heroism           |     1 |     5 |     6 |    11 ||    23
       Finesse           |       |       |       |     1 ||     1
       Duel              |       |       |       |     2 ||     2
  Use: Scroll            |       |       |    15 |       ||    15
       Potion            |       |       |     1 |     4 ||     5
Armor: Scale mail        |    47 |    37 |     8 |       ||    92
       Ring mail         |       |       |    12 |       ||    12
       Leather armour    |       |       |    21 |       ||    21
       Plate armour      |       |       |       |   103 ||   103
Dodge: Dodged            |    48 |    64 |   114 |    86 ||   312
Block: Buckler           |    15 |    24 |    64 |    79 ||   182
